 Dungeon Crawl Stone Soup version 0.28.0-45-g0d030f2227 (webtiles) character file.

Game seed: 9929849143430179223

2739 RascalDebosk the Chopper (level 9, -11/81 HPs)
             Began as a Minotaur Berserker on Apr 12, 2022.
             Was a Priest of Trog.
             Mangled by an orc warrior
             ... wielding a +0 bardiche
              (21 damage)
             ... in a bailey.
             The game lasted 00:44:14 (5317 turns).

RascalDebosk the Chopper (Minotaur Berserker)       Turns: 5317, Time: 00:44:14

Health: -11/81     AC: 22    Str: 23    XL:     9   Next: 40%
Magic:  0/8        EV:  5    Int:  6    God:    Trog [***...]
Gold:   464        SH:  0    Dex: 17    Spells: 8/8 levels left

rFire   . . .      SeeInvis .   a - +0 hand axe (vorpal)
rCold   . . .      Faith    .   (no shield)
rNeg    . . .      Spirit   +   C - +1 crystal plate armour
rPois   .          Reflect  .   (helmet restricted)
rElec   .          Harm     .   (no cloak)
rCorr   .          Rampage  .   (no gloves)
Will    .....                   e - +2 pair of boots
Stlth   ..........              A - amulet of guardian spirit
HPRegen 0.23/turn               f - +6 ring of dexterity
MPRegen 0.11/turn               q - ring of flight

@: on berserk cooldown, flying, slowed, very slow
A: horns 2, retaliatory headbutt
a: Renounce Religion, Berserk, Trog's Hand


You were in a bailey.
You worshipped Trog.
Trog was most pleased with you.
You visited 1 branch of the dungeon, and saw 7 of its levels.
You also visited: Bailey.

You collected 464 gold pieces.

Inventory:

Hand Weapons
 a - a +0 vorpal hand axe (weapon)
 r - a +0 flail of protection
Missiles
 b - a throwing net
 j - 13 boomerangs (quivered)
 z - 3 poisoned darts
 B - a curare-tipped dart
Armour
 e - a +2 pair of boots (worn)
 C - a +1 crystal plate armour (worn)
Jewellery
 f - a +6 ring of dexterity (left hand)
 i - a ring of fire
 q - a ring of flight (right hand)
 x - a ring of protection from fire
 A - an amulet of guardian spirit (around neck)
Wands
 m - a wand of iceblast (4)
 u - a wand of mindburst (14)
 v - a wand of charming (9)
 y - a wand of flame (11)
Scrolls
 c - a scroll of fog
 p - 2 scrolls of vulnerability
 t - a scroll of fear
Potions
 d - a potion of berserk rage
 g - 5 potions of mutation
 h - 4 potions of curing
 k - 2 potions of invisibility
 l - 4 potions of might
 w - a potion of flight
 D - 2 potions of haste
 E - 2 potions of magic
 F - a potion of heal wounds {unknown}


   Skills:
 + Level 7.8 Fighting
 + Level 7.8 Axes
 + Level 5.6 Throwing
 + Level 7.3 Armour
 - Level 2.1 Dodging
 + Level 5.1 Evocations


You had 8 spell levels left.
You didn't know any spells.
Your spell library was empty.

Dungeon Overview and Level Annotations

Branches:
Dungeon (7/15)             Bailey (1/1)
 Temple: D:4-7

Altars:


Innate Abilities, Weirdness & Mutations

You have a pair of horns on your head.
You reflexively headbutt those who attack you in melee.


Message History

The orc knight is severely wounded.
The orc warrior shouts!
You hit the orc knight. Your headbutt misses the orc knight.
The orc knight is severely wounded.
The orc knight roars a battlecry!
The orc warrior goes into a battle-frenzy!
You barely miss the orc knight.
The orc knight is severely wounded.
You slash the orc knight! You headbutt the orc knight!
You kill the orc knight!
Trog accepts your kill.
Your Armour skill increases to level 7!
Your Evocations skill increases to level 5!
Items here: )) [ †.
You feel a strong urge to attack something.
You are no longer berserk.
You are exhausted.
You feel yourself slow down.
You see here a +0 hand axe.
The orc warrior shouts!
The orc warrior hits you but does no damage.
There is an open gate here.
The orc warrior barely misses you.
The orc warrior hits you with a +0 bardiche!!
You hit the orc warrior but do no damage.
The orc warrior barely misses you.
The orc warrior hits you but does no damage.
You hit the orc warrior.
The orc warrior is lightly wounded.
The orc warrior hits you but does no damage.
The orc warrior hits you with a +0 bardiche!
The orc warrior barely misses you.
The orc warrior hits you with a +0 bardiche!!
* * * LOW HITPOINT WARNING * * *
The orc warrior hits you but does no damage.
You barely miss the orc warrior. You headbutt the orc warrior!
The orc warrior is moderately wounded.
You hit the orc warrior but do no damage.
The orc warrior hits you with a +0 bardiche!!
You die...

#.......#
#..#8#..#
#..#.#..#
#..)....#
#..).)..#
##.)...##
##'''##
#o....#
#.@...#
#.o...#
#.[...#
#.....#
##'''##
.....#
.......#
#..#.#..#
#.. ....#


You could see 2 orc warriors.

Vanquished Creatures
  An orc knight (Bailey)
  Sigmund (D:2)
  Eustachio (D:6)
  3 orc warriors (Bailey)
  3 necrophages
  A sky beast (D:5)
  2 ogres
  A centaur (D:5)
  A kobold brigand (D:7)
  5 scorpions
  A bullfrog zombie (D:4)
  A hound (D:6)
  2 orc priests
  A bullfrog skeleton (D:6)
  A gnoll shaman (D:5)
  5 iguanas
  4 orc wizards
  3 hound skeletons
  7 adders
  11 gnolls
  An ufetubus (D:4)
  A worm (D:2)
  2 dart slugs
  35 orcs
  7 ball pythons
  4 bats
  3 endoplasms
  2 giant cockroaches
  5 hobgoblins
  4 jackals (D:2)
  11 kobolds
  5 quokkas
  A ball python skeleton (D:2)
  3 frilled lizards
  12 goblins
  2 rats
153 creatures vanquished.

Notes
Turn   | Place    | Note
-------+----------+-------------------------------------------
     0 | D:1      | RascalDebosk the Minotaur Berserker began the quest for the
                  | Orb.
     0 | D:1      | Reached XP level 1. HP: 19/19 MP: 0/0
   610 | D:1      | Reached XP level 2. HP: 27/27 MP: 1/1
  1194 | D:2      | Reached skill level 1 in Throwing
  1194 | D:2      | Reached XP level 3. HP: 33/33 MP: 2/2
  1221 | D:2      | Reached skill level 1 in Evocations
  1460 | D:2      | Reached XP level 4. HP: 39/40 MP: 3/3
  1476 | D:2      | Noticed Sigmund
  1482 | D:2      | Killed Sigmund
  1483 | D:2      | Reached XP level 5. HP: 47/47 MP: 4/4
  1524 | D:2      | Found a faded altar of an unknown god.
  1612 | D:2      | Reached ** piety under Trog
  1795 | D:3      | Reached XP level 6. HP: 55/55 MP: 5/5
  2300 | D:3      | Reached skill level 5 in Fighting
  2306 | D:3      | Reached skill level 5 in Axes
  3065 | D:4      | Reached XP level 7. HP: 61/61 MP: 6/6
  3332 | D:5      | Entered Level 5 of the Dungeon
  3354 | D:5      | Reached *** piety under Trog
  3363 | D:5      | Reached skill level 5 in Armour
  3532 | D:5      | Reached XP level 8. HP: 70/70 MP: 7/7
  4778 | D:6      | Noticed Eustachio
  4786 | D:6      | Killed Eustachio
  4872 | D:7      | Reached skill level 5 in Throwing
  4892 | D:7      | Reached XP level 9. HP: 79/79 MP: 8/8
  4920 | D:7      | Found a flagged portal.
  4936 | Bailey   | Entered a bailey
  5281 | Bailey   | Noticed an orc knight
  5282 | Bailey   | Noticed an orc knight
  5309 | Bailey   | Killed an orc knight
  5310 | Bailey   | Reached skill level 5 in Evocations
  5317 | Bailey   | Mangled by an orc warrior

Illustrated notes

Levels and vault maps discovered:
D:1:      shiori_arrival_maze, layout_basic,
          nicolae_concentric_dashed_squares_mild, kennysheep_another_room,
          patterned_corridor
D:2:      layout_loops_cross, hellmonk_ecumenical_altar_heavens_door,
          serial_undead, serial_undead_b, serial_undead_a, serial_undead_a,
          serial_undead_f, uniq_sigmund
D:3:      layout_basic
D:4:      layout_basic, serial_park_tiny_pond, minmay_starry_boxes
D:5:      layout_basic
D:6:      layout_rooms, uniq_eustachio
D:7:      layout_rooms, mainiacjoe_overflow_brackets,
          minmay_temple_entry_sparse_star, serial_shops,
          nicolae_take_the_stairs, enter_bailey_3, nicolae_shop_self_help,
          uniq_prince_ribbit1
Bailey:   bailey_polearm_5, bailey

Skill      XL: |  1  2  3  4  5  6  7  8  9 |
---------------+----------------------------+-----
Fighting       | 4 5 6 7 |  7.8
Axes           | 4 5 6 7 |  7.8
Throwing       | 1 2 3 5 |  5.6
Armour         | 3 4 5 6 7 |  7.3
Evocations     | 1 2 3 4 5 |  5.1
Dodging        | |  2.1

Action                   |  1- 3 |  4- 6 |  7- 9 || total
-------------------------+-------+-------+-------++-------
Melee: Hand axe          |    63 |    82 |   163 ||   308
       Headbutt          |    10 |    16 |    39 ||    65
       Punch             |     1 |     1 |     5 ||     7
Throw: Boomerang         |       |     8 |       ||     8
Invok: Berserk           |       |     5 |     8 ||    13
       Trog's Hand       |       |     1 |       ||     1
  Use: Scroll            |       |     5 |    16 ||    21
Armor: Ring mail         |    21 |    24 |     3 ||    48
       Chain mail        |       |       |    68 ||    68
       Crystal plate arm |       |       |     9 ||     9
Dodge: Dodged            |    34 |    64 |    78 ||   176
